 Dungeon Crawl Stone Soup version 0.27.0-1-g7a089689b8 (webtiles) character file.

Game seed: 14842396963126219452

141929 Kinoniko the Bludgeoner (level 17, 4/117 HPs)
             Began as a Gargoyle Berserker on Aug 17, 2021.
             Was a High Priest of Trog.
             Quit the game on level 1 of the Shoals.
             The game lasted 00:31:22 (21949 turns).

Kinoniko the Bludgeoner (Gargoyle Berserker)       Turns: 21949, Time: 00:31:23

Health: 4/117      AC: 45    Str: 29    XL:     17   Next: 34%
Magic:  17/17      EV:  9    Int: 10    God:    Trog [*****.]
Gold:   594        SH:  0    Dex:  9    Spells: 16/16 levels left

rFire    + + .     SeeInvis +   d - +8 frozen axe "Frostbite" {freezing cloud, *Noise Fly rC+}
rCold    + . .     Faith    .   (shield currently unavailable)
rNeg     + . .     Spirit   .   a - +8 chain mail "Ynan" {Harm rF+ Str+3}
rPois    ∞         Reflect  .   c - +2 helmet {SInv}
rElec    +         Harm     +   q - +2 cloak
rCorr    .         Rampage  .   H - +0 pair of gloves
Will     +++..                  C - +2 pair of boots
Stlth    ..........             l - amulet of regeneration
HPRegen  2.29/turn              Q - ring of protection from fire
MPRegen  0.15/turn              N - +4 ring of protection

@: engulfed, strong-willed, on berserk cooldown, flying, mesmerised,
regenerating, slowed, very slow
A: sickness immunity, AC +12, big wings, negative energy resistance 1,
electricity resistance, torment resistance 1, petrification resistance
a: Renounce Religion, Berserk, Trog's Hand, Brothers in Arms


You were on level 1 of the Shoals.
You worshipped Trog.
Trog was extremely pleased with you.
You visited 5 branches of the dungeon, and saw 24 of its levels.

You collected 3445 gold pieces.
You spent 2851 gold pieces at shops.

Inventory:

Hand Weapons
 d - the +8 frozen axe "Frostbite" (weapon) {freezing cloud, *Noise Fly rC+}
   (You bought it in a shop on level 13 of the Dungeon)

   It freezes those it strikes, dealing additional cold damage.
   It can also slow down cold-blooded creatures.
   It occasionally leaves clouds of freezing vapour upon striking a foe.
   It grants immunity to clouds of freezing vapour.
   rC:        It protects you from cold.
   Fly:       It grants you flight.
   *Noise:    It may make noises in combat.
 y - a +1 morningstar of holy wrath
 E - a +4 morningstar
 R - a +4 great mace
Missiles
 U - 2 throwing nets (quivered)
Armour
 a - the +8 chain mail "Ynan" (worn) {Harm rF+ Str+3}
   (You bought it in a shop on level 4 of the Dungeon)

   Str:       It affects your strength (+3).
   rF:        It protects you from fire.
   Harm:      It increases damage dealt and taken.
 c - a +2 helmet of see invisible (worn)
 q - a +2 cloak (worn)
 C - a +2 pair of boots (worn)
 D - a scarf of repulsion
 H - a +0 pair of gloves (worn)
Jewellery
 k - an amulet of magic regeneration
 l - an amulet of regeneration (around neck)
 w - a ring of protection from cold
 x - a ring of resist corrosion
 N - a +4 ring of protection (right hand)
 Q - a ring of protection from fire (left hand)
 S - an amulet of reflection
Wands
 r - a wand of polymorph (10)
 t - a wand of digging (8)
 A - a wand of flame (56)
 J - a wand of iceblast (32)
 L - a wand of acid (17)
 O - a wand of mindburst (13)
 W - a wand of paralysis (2)
 X - a wand of charming (34)
Scrolls
 b - 2 scrolls of identify
 h - 3 scrolls of vulnerability
 n - 7 scrolls of immolation
 u - a scroll of fog
 v - a scroll of teleportation
 I - a scroll of holy word
 K - a scroll of blinking
 Z - 2 scrolls of magic mapping
Potions
 e - 3 potions of attraction
 f - 7 potions of mutation
 g - 5 potions of ambrosia
 i - 2 potions of haste
 j - a potion of resistance
 m - 2 potions of magic
 o - 4 potions of brilliance
 s - 5 potions of curing
 z - 3 potions of flight
 B - 4 potions of lignification
 F - a potion of degeneration
 G - a potion of berserk rage
 Y - a potion of cancellation
Miscellaneous
 P - a tin of tremorstones (2/2)


   Skills:
 - Level 17.2 Fighting
 * Level 10.1(15.6) Axes
 - Level 20.4(21.1) Maces & Flails
 - Level 5.0 Armour
 - Level 2.8 Dodging


You had 16 spell levels left.
You didn't know any spells.
Your spell library was empty.

Dungeon Overview and Level Annotations

Branches:
Dungeon (13/15)            Temple (0/1) D:6            Lair (6/6) D:9
 Shoals (1/4) Lair:2        Snake (2/4) Lair:4        Slime (0/5) Lair:5
    Orc (2/2) D:10            Elf (0/3) Orc:2        Vaults (0/5) D:13

Altars:
Ashenzari
Cheibriados
Fedhas
Makhleb
Qazlal
Sif Muna
Wu Jian
Xom
Yredelemnul
Zin
Beogh

Shops:
D:4 ?[:?   D:7 !   D:10 [   D:13 !(?(   Orc:1 *   Orc:2 :?=?(   Snake:1 [

Portals:
Abyss: Lair:6

Annotations:
D:5 3 runed translucent doors, kalagan's ghost, amateur DECj
Lair:2 exclusion: oklob plant
Lair:4 1 runed translucent door, exclusion: 3 oklob plants, Muajirr's ghost, journeyman GrFi
Lair:6 2 transporters, Oggdrasil's ghost, adept VSVM


Innate Abilities, Weirdness & Mutations

You are immune to sickness and miasma.
Your stone body is resilient. (AC +12)
You are immune to poison.
Your large and strong wings let you fly.
You resist negative energy. (rN+)
You are resistant to electric shocks. (rElec)
You are resistant to unholy torment.
You are immune to petrification.


Message History

You feel better.
The merfolk hits you but does no damage.
The merfolk siren chants its luring song.
The manticore bites you.
* * * LOW HITPOINT WARNING * * *
The manticore claws you but does no damage.
The manticore barely misses you.
The merfolk hits you from afar with a +0 trident.
* * * LOW HITPOINT WARNING * * *
The water elemental hits you.
The alligator snapping turtle bites you but does no damage.
The merfolk hits you from afar with a +0 trident!
* * * LOW HITPOINT WARNING * * *
The merfolk siren chants its luring song.
The manticore bites you but does no damage.
The manticore claws you.
* * * LOW HITPOINT WARNING * * *
The manticore claws you but does no damage.
A snapping turtle comes into view.
The merfolk misses you.
Unknown command.
Unknown command.
Unknown command.
Unknown command.
Unknown command.
Unknown command.
Unknown command.
Unknown command.
Unknown command.
Unknown command.
Unknown command.
Unknown command.
Unknown command.
Unknown command.
Unknown command.
Unknown command.
Unknown command.
Unknown command.
Okay, then.
Are you sure you want to abandon this character and quit the game? (Confirm with "yes".)

$... #..≈≈≈≈≈≈... #....
.....##$t.≈≈≈≈..# ##...
........#.[≈≈≈.## ##.###
......)..m≈≈≈≈.###..#
.......≈≈≈)≈≈≈P.....###
#....≈≈≈≈≈PP≈.P......
##..≈t.m†≈≈≈≈≈PP......
#..≈≈≈Hm≈≈≈≈P≈P≈≈.....
##..†@E≈≈≈≈≈≈≈PP≈P.≈≈.
....>.)..≈≈≈≈≈≈≈≈.P..#..
...........≈≈≈≈P≈...##..
##...####...≈≈≈≈...##...
..... #..P≈P≈≈..##..[.
.... #..P≈≈PP........
... ..≈PP≈≈ .P...≈ ..>
≈P≈≈≈


You could see an alligator snapping turtle, a snapping turtle, 2 merfolk, a
manticore, a water elemental and a merfolk siren (mesmerising).

Vanquished Creatures
  Nikola (Shoals:1)
  Louise (Snake:1)
  Aizul (Snake:1)
  A dire elephant (Lair:6)
  An ettin (Orc:1)
  Josephine (D:12)
  A salamander tyrant (Snake:2)
  An anaconda (Snake:1)
  An ice dragon (Lair:6)
  5 naga warriors
  2 boulder beetles
  9 hydras
  A merfolk avatar (Lair:6)
  2 centaur warriors (D:13)
  A tengu warrior (D:13)
  9 two-headed ogres
  3 death yaks (Lair:6)
  Urug (Lair:2)
  3 shock serpents (Snake:2)
  4 orc high priests (Orc:2)
  6 naga sharpshooters
  Nergalle (Orc:1)
  4 skeletal warriors (D:13)
  3 salamander mystics (Snake:2)
  5 naga ritualists
  3 sea snakes
  Pikel (D:7)
  3 harpies (Lair:6)
  5 orc knights
  5 mana vipers
  2 ugly things (D:13)
  3 orc sorcerers (Orc:2)
  2 cyclopes
  3 manticores
  13 salamanders
  4 elephants
  Maurice (D:9)
  19 black mambas
  A guardian serpent (Snake:2)
  10 naga magi
  Maggie (D:8)
  7 water nymphs (Shoals:1)
  13 cane toads
  2 unseen horrors
  7 komodo dragons
  2 rime drakes
  2 kobold demonologists
  A tengu conjurer (D:13)
  2 merfolk (Shoals:1)
  4 trolls
  4 polar bears
  4 blink frogs (Lair:5)
  Grinder (D:4)
  3 wind drakes
  3 hornets
  11 dream sheep
  2 snapping turtles
  A water elemental (Shoals:1)
  7 wraiths (D:12)
  2 vampires (D:13)
  14 wyverns
  2 shadows (D:11)
  4 basilisks
  32 yaks
  A steam dragon (D:9)
  6 vampire mosquitoes
  18 nagas
  An acid dragon (D:11)
  Edmund (D:4)
  12 water moccasins
  A black bear (D:5)
  25 orc warriors
  A sky beast (D:7)
  An ice beast (D:6)
  7 ogres
  8 wolves
  A necrophage (D:6)
  15 centaurs
  A lemure (D:7)
  A phantom (D:4)
  2 kobold brigands (D:10)
  12 bullfrogs
  3 wyvern zombies
  6 scorpions
  A water moccasin zombie (D:6)
  12 killer bees
  3 wights (D:7)
  An electric eel (D:13)
  4 howler monkeys
  A bullfrog zombie (D:5)
  A centaur zombie (D:8)
  3 jellies
  4 hounds
  Crazy Yiuf (D:4)
  A gnoll shaman (D:5)
  21 orc priests
  2 bullfrog skeletons
  A scorpion zombie (D:5)
  5 iguanas
  24 orc wizards
  A killer bee zombie (D:6)
  2 howler monkey skeletons
  6 gnolls
  8 adders
  3 white imps (Lair:6)
  An ufetubus (D:7)
  A dart slug (D:4)
  76 orcs
  4 endoplasms
  A giant cockroach (D:4)
  5 goblins (D:2)
  5 hobgoblins
  2 jackals (D:4)
  16 kobolds
  4 quokkas (D:1)
  5 ball pythons
  10 bats
  4 frilled lizards
  5 rats
  A bush (D:6)
642 creatures vanquished.

Vanquished Creatures (collateral kills)
  Gastronok (Lair:2)
  An orc knight (Orc:2)
  2 naga magi (Snake:2)
  A naga (Snake:2)
  2 orc warriors (Orc:2)
  An orc priest (Orc:2)
  2 orcs (Orc:2)
10 creatures vanquished.

Vanquished Creatures (others)
  A manticore (Shoals:1)
  A merfolk siren (Shoals:1)
  A snapping turtle (Shoals:1)
  A water elemental (Shoals:1)
  A centaur (Shoals:1)
  An orc priest (Orc:2)
  15 fungi
  44 plants
65 creatures vanquished.

Grand Total: 717 creatures vanquished

Notes
Turn   | Place    | Note
-------+----------+-------------------------------------------
     0 | D:1      | Kinoniko the Gargoyle Berserker began the quest for the
                  | Orb.
     0 | D:1      | Reached XP level 1. HP: 14/14 MP: 1/1
   265 | D:1      | Found a faded altar of an unknown god.
   353 | D:1      | Reached XP level 2. HP: 18/19 MP: 2/2
   811 | D:2      | Reached skill level 4 in Maces & Flails
   811 | D:2      | Reached XP level 3. HP: 17/23 MP: 3/3
  1116 | D:2      | Found a broken altar of Ashenzari.
  1374 | D:2      | Reached ** piety under Trog
  1722 | D:2      | Reached XP level 4. HP: 28/28 MP: 4/4
  1856 | D:3      | Found a stormy altar of Qazlal.
  1901 | D:3      | Reached skill level 5 in Maces & Flails
  2169 | D:3      | Noticed a scorpion
  2178 | D:3      | Killed a scorpion
  2179 | D:3      | Reached XP level 5. HP: 32/32 MP: 5/5
  2380 | D:4      | Reached skill level 6 in Maces & Flails
  2405 | D:4      | Noticed a phantom
  2421 | D:4      | Noticed Grinder
  2423 | D:4      | Killed a phantom
  2424 | D:4      | Reached XP level 6. HP: 27/37 MP: 6/6
  2434 | D:4      | Killed Grinder
  2435 | D:4      | Reached skill level 7 in Maces & Flails
  2435 | D:4      | Reached XP level 7. HP: 33/41 MP: 7/7
  2486 | D:4      | Identified 2 scrolls of acquirement
  2486 | D:4      | Acquired a +0 morningstar of holy wrath
  2488 | D:4      | Acquired a +0 helmet of see invisible
  2502 | D:4      | Found a shimmering blue altar of Sif Muna.
  2502 | D:4      | Noticed Edmund
  2516 | D:4      | Killed Edmund
  2517 | D:4      | Reached skill level 8 in Maces & Flails
  2554 | D:4      | Found Eduistremyh's Book Shoppe.
  2617 | D:4      | Found Vyryxt's Antique Armour Emporium.
  2666 | D:4      | Found Lastropsopt's Magic Scroll Emporium.
  2871 | D:4      | Found Wol Loer's Magic Scroll Emporium.
  2932 | D:4      | Found a runed translucent door.
  2933 | D:4      | Noticed Crazy Yiuf
  3130 | D:4      | Killed Crazy Yiuf
  3223 | D:5      | Entered Level 5 of the Dungeon
  3241 | D:5      | Reached skill level 9 in Maces & Flails
  3250 | D:5      | Reached XP level 8. HP: 41/46 MP: 8/8
  3327 | D:5      | Reached *** piety under Trog
  3437 | D:5      | Found a glowing silver altar of Zin.
  3439 | D:5      | Found a shimmering altar of Xom.
  3439 | D:5      | Found a broken altar of Ashenzari.
  3439 | D:5      | Found a snail-covered altar of Cheibriados.
  3467 | D:5      | Reached skill level 10 in Maces & Flails
  3474 | D:5      | Found an ornate altar of the Wu Jian Council.
  3474 | D:5      | Found a burning altar of Makhleb.
  3722 | D:4      | Bought a fine chain mail for 199 gold pieces
  3722 | D:4      | Identified the +8 chain mail "Ynan" {Harm rF+ Str+3} (You
                  | bought it in a shop on level 4 of the Dungeon)
  3914 | D:5      | Found a runed translucent gate.
  3914 | D:5      | Found a runed translucent gate.
  3951 | D:5      | Found a runed translucent gate.
  3983 | D:5      | Noticed kalagan's ghost (amateur DECj)
  4271 | D:6      | Found a blossoming altar of Fedhas.
  4372 | D:6      | Reached skill level 11 in Maces & Flails
  4375 | D:6      | Reached XP level 9. HP: 52/52 MP: 9/9
  4375 | D:6      | Noticed a troll
  4383 | D:6      | Killed a troll
  4383 | D:6      | Reached **** piety under Trog
  4391 | D:6      | Reached skill level 5 in Fighting
  4577 | D:6      | Found a staircase to the Ecumenical Temple.
  4838 | D:6      | Reached skill level 12 in Maces & Flails
  5524 | D:7      | Reached XP level 10. HP: 61/61 MP: 10/10
  5530 | D:7      | Found Sonnentoosm's Distillery.
  5778 | D:7      | Reached skill level 13 in Maces & Flails
  5885 | D:7      | Noticed Pikel
  5897 | D:7      | Killed Pikel
  6268 | D:8      | Noticed Maggie
  6276 | D:8      | Killed Maggie
  6642 | D:8      | Identified the +2 ring mail "Xocemuot" {MP+9 Str+5 Int+3}
  6872 | D:9      | Noticed a kobold demonologist
  6879 | D:9      | Noticed a smoke demon
  6883 | D:9      | Killed a kobold demonologist
  6884 | D:9      | Reached skill level 14 in Maces & Flails
  7026 | D:9      | Reached ***** piety under Trog
  7037 | D:9      | Reached XP level 11. HP: 52/69 MP: 11/11
  7055 | D:9      | Noticed Maurice
  7068 | D:9      | Killed Maurice
  7076 | D:9      | HP: 4/106 [yak (9)]
  7299 | D:9      | Found a staircase to the Lair.
  7450 | D:9      | Noticed a two-headed ogre
  7456 | D:9      | Killed a two-headed ogre
  7557 | Lair:1   | Entered Level 1 of the Lair of Beasts
  7601 | Lair:1   | Reached skill level 15 in Maces & Flails
  8056 | Lair:1   | Reached skill level 10 in Fighting
  8195 | Lair:2   | Found a staircase to the Shoals.
  8195 | Lair:2   | Noticed a manticore
  8204 | Lair:2   | Killed a manticore
  8208 | Lair:2   | Noticed Gastronok
  8222 | Lair:2   | Killed Gastronok
  8383 | Lair:2   | Noticed Urug
  8402 | Lair:2   | Killed Urug
  8403 | Lair:2   | Reached XP level 12. HP: 60/79 MP: 12/12
  8513 | Lair:2   | Reached skill level 16 in Maces & Flails
  9425 | Lair:3   | Noticed a six-headed hydra
  9433 | Lair:3   | Killed a six-headed hydra
  9559 | Lair:3   | Noticed a six-headed hydra
  9567 | Lair:3   | Killed a six-headed hydra
 10038 | Lair:4   | Found a runed translucent door.
 10039 | Lair:4   | Noticed Muajirr's ghost (journeyman GrFi)
 10184 | Lair:4   | Noticed a six-headed hydra
 10196 | Lair:4   | Killed a six-headed hydra
 10306 | Lair:4   | Found a staircase to the Snake Pit.
 10370 | Lair:4   | You fall into a shaft and drop 2 floors!
 10370 | Lair:6   | Entered Level 6 of the Lair of Beasts
 10408 | Lair:6   | Noticed a death yak
 10416 | Lair:6   | Reached skill level 17 in Maces & Flails
 10419 | Lair:6   | Noticed a death yak
 10423 | Lair:6   | Noticed a death yak
 10429 | Lair:6   | Killed a death yak
 10441 | Lair:6   | Killed a death yak
 10447 | Lair:6   | Killed a death yak
 10453 | Lair:6   | Noticed a dire elephant
 10490 | Lair:6   | Killed a dire elephant
 10491 | Lair:6   | Reached XP level 13. HP: 79/87 MP: 13/13
 11199 | Lair:5   | Found a staircase to the Slime Pits.
 11330 | Lair:5   | Received a gift from Trog
 11398 | Lair:5   | Reached skill level 18 in Maces & Flails
 12087 | Lair:6   | Found a transporter.
 12089 | Lair:6   | Noticed Oggdrasil's ghost (adept VSVM)
 12127 | Lair:6   | Noticed a spark wasp
 12128 | Lair:6   | Noticed a fire dragon
 12128 | Lair:6   | a spark wasp changed into a fire dragon
 12197 | Lair:6   | Found a transporter.
 12468 | Lair:6   | Noticed an ice dragon
 12479 | Lair:6   | Killed an ice dragon
 12560 | Lair:6   | Identified the +7 fustibalus "Zingyroz" {vorpal, Will+++
                  | rCorr Str-2 Dex+5}
 12601 | Lair:6   | Gained mutation: Your large and strong wings let you fly.
                  | [Gargoyle growth]
 12601 | Lair:6   | Reached XP level 14. HP: 95/95 MP: 14/14
 12631 | Lair:6   | Reached skill level 19 in Maces & Flails
 12725 | Lair:6   | Identified the +1 ring mail of Edayf {Str+2 Dex+4}
 12928 | Lair:6   | Found a one-way gate to the infinite horrors of the Abyss.
 13130 | D:10     | Entered Level 10 of the Dungeon
 13177 | D:10     | Found a basalt altar of Yredelemnul.
 13391 | D:10     | Reached ****** piety under Trog
 13607 | D:10     | Found a staircase to the Orcish Mines.
 13622 | D:10     | Received a gift from Trog
 13655 | D:10     | Found Laecseri's Armour Boutique.
 14632 | D:12     | Noticed Josephine
 14638 | D:12     | Killed Josephine
 15698 | D:12     | Reached skill level 15 in Fighting
 15698 | D:12     | Reached skill level 20 in Maces & Flails
 15698 | D:12     | Reached XP level 15. HP: 103/103 MP: 15/15
 15787 | D:13     | Found Qogybej's Magic Scroll Boutique.
 15790 | D:13     | Found Toed's Antique Weapon Shoppe.
 15790 | D:13     | Found Loatel's Distillery.
 15883 | D:13     | Bought a scroll of acquirement for 676 gold pieces
 15888 | D:13     | Acquired 714 gold pieces
 16150 | D:13     | Found a gate to the Vaults.
 16363 | D:13     | Found Sophoidgh's Weapon Emporium.
 16540 | Orc:1    | Entered Level 1 of the Orcish Mines
 16540 | Orc:1    | Noticed Nergalle
 16552 | Orc:1    | Killed Nergalle
 16724 | Orc:1    | Reached XP level 16. HP: 108/108 MP: 16/16
 16748 | Orc:1    | Found Jidiph's Assorted Antiques.
 17177 | Orc:2    | Entered Level 2 of the Orcish Mines
 17278 | Orc:2    | Found a staircase to the Elven Halls.
 17703 | Orc:2    | Found Xehotiunt's Antique Weapon Boutique.
 17807 | D:12     | Reached skill level 5 in Armour
 17898 | D:13     | Bought the +8 frozen axe "Frostbite" {freezing cloud,
                  | *Noise Fly rC+} for 1976 gold pieces
 17898 | D:13     | Found the +8 frozen axe "Frostbite" {freezing cloud, *Noise
                  | Fly rC+}
 18119 | Orc:2    | Reached skill level 1 in Axes
 18618 | Orc:2    | Found Sechocwoefa's Book Boutique.
 18618 | Orc:2    | Found Gucwysiz's Magic Scroll Emporium.
 18620 | Orc:2    | Found Dosog's Jewellery Boutique.
 18620 | Orc:2    | Found Danuan's Magic Scroll Emporium.
 18911 | Snake:1  | Entered Level 1 of the Snake Pit
 18911 | Snake:1  | Noticed Louise
 19035 | Snake:1  | Killed Louise
 19130 | Snake:1  | Received a gift from Trog
 19428 | Snake:1  | Noticed Aizul
 19447 | Snake:1  | Killed Aizul
 19448 | Snake:1  | Reached skill level 5 in Axes
 19908 | Snake:1  | Found Uzyrheori's Armour Shop.
 20858 | Snake:2  | Received a gift from Trog
 20943 | Snake:2  | Reached XP level 17. HP: 113/117 MP: 17/17
 21120 | Snake:2  | HP: 5/117 [naga (20)]
 21733 | Shoals:1 | Entered Level 1 of the Shoals
 21924 | Shoals:1 | Noticed Nikola
 21932 | Shoals:1 | Received a gift from Trog
 21941 | Shoals:1 | Killed Nikola
 21942 | Shoals:1 | Reached skill level 10 in Axes
 21948 | Shoals:1 | HP: 4/117 [manticore (6)]
 21949 | Shoals:1 | Quit the game

Illustrated notes

Levels and vault maps discovered:
D:1:      scummos_arrival_forest, layout_basic,
          shapermc_ecumenical_altar_flowoftime
D:2:      wander_river, layout_basic, basic_altar
D:3:      layout_rooms, nicolae_qazlal_general_emergency
D:4:      layout_loops_ring, tgw_sif, serial_shops, shop_statue, shop, shop,
          nicolae_shop_stone, uniq_crazy_yiuf_cottage, uniq_edmund, uniq_grinder
D:5:      layout_basic, grunt_temple_overflow_open, gammafunk_ghost_icy,
          amcnicky_mini_pool_small
D:6:      hangedman_cross_stitches, layout_loops_ring,
          fedhas_bush_and_centaur_altar, minmay_temple_entry_slanted,
          minmay_misc_feat_enclosed, minmay_misc_feat_diagonals,
          kennysheep_generic_room_4
D:7:      layout_loops_corners, kennysheep_small_circle, uniq_pikel
D:8:      layout_basic, uniq_maggie
D:9:      layout_cave_pools, minmay_lair_entry_grove, corexii_corridor_pit,
          uniq_maurice
D:10:     layout_stronghold, yredelemnul_altar_generic, orc_david_3
D:11:     layout_roguey, minmay_quadrilaterals
D:12:     layout_irregular_city, uniq_josephine
D:13:     layout_loops_ring, david_vaults_1, serial_shops, kennysheep_mini,
          nicolae_wooded_promenade
Lair:1:   layout_regular_city, grunt_megastairs_3
Lair:2:   layout_long_grid, minmay_shoals_entry_beasts, grunt_megastairs_4,
          uniq_urug, uniq_gastronok
Lair:3:   layout_roguey, infiniplex_staircase_pool_2
Lair:4:   layout_hall_layers, guppyfry_snake_entry_island,
          gammafunk_ghost_grave, minmay_lair_oklob_chamber, lemuel_fruit_tree
Lair:5:   layout_roguey, slime_dummy, grunt_megastairs_1
Lair:6:   gammafunk_lair_ancient_temple, layout_loops_ring,
          gammafunk_ghost_abyssal_escape, bobbens_ice_dragon_lair
Shoals:1: layout_shoals, nicolae_shoals_nymph_descending_staircase, uniq_nikola
Snake:1:  layout_layer_cave, serial_shops, shop_coins, grunt_ministairs_10,
          uniq_aizul, uniq_louise
Snake:2:  layout_onion_interference
Orc:1:    layout_caves, serial_shops, shop_statue, basic_altar, uniq_nergalle
Orc:2:    grunt_orc_tribal_feast, layout_caves, serial_shops, shop,
          minmay_orc_temple_c

Skill      XL: |  1  2  3  4  5  6  7  8  9 10 11 12 13 14 15 16 17 |
---------------+----------------------------------------------------+-----
Maces & Flails | 4 5 6 7 9 11 12 14 15 17 18 20 | 20.4
Fighting       | 4 6 8 10 12 13 15 17 | 17.2
Armour         | 3 4 5 |  5.0
Dodging        | 2 |  2.8
Axes           | 7 10 | 10.1

Action                   |  1- 3 |  4- 6 |  7- 9 | 10-12 | 13-15 | 16-18 || total
-------------------------+-------+-------+-------+-------+-------+-------++-------
Melee: Mace              |    95 |   114 |    15 |       |       |       ||   224
       Morningstar       |       |       |   293 |   468 |    58 |       ||   819
       Great mace        |       |       |       |       |   556 |   434 ||   990
       Executioner's axe |       |       |       |       |       |    85 ||    85
Invok: Berserk           |       |     2 |     7 |    13 |     7 |    13 ||    42
       Brothers in Arms  |       |       |       |     1 |       |     4 ||     5
       Trog's Hand       |       |       |       |       |       |     3 ||     3
  Use: Scroll            |       |       |    14 |     2 |    18 |    14 ||    48
       Potion            |       |       |     1 |     2 |     2 |    11 ||    16
 Stab: Sleeping          |     2 |       |       |       |       |       ||     2
       Invisible         |       |       |       |       |       |     1 ||     1
Armor: Animal skin       |    31 |     2 |       |       |       |       ||    33
       Scale mail        |       |    76 |    70 |       |       |       ||   146
       Chain mail        |       |       |   190 |   365 |   591 |   483 ||  1629
Dodge: Dodged            |    71 |    67 |   148 |   168 |   299 |   229 ||   982
